 Dungeon Crawl Stone Soup version 0.28.0-47-ge53b351184 (webtiles) character file.

Game seed: 16960353988687849309

2631 CryoSword the Basher (level 9, -2/32 HPs)
             Began as a Vine Stalker Chaos Knight on May 6, 2022.
             Was a Plaything of Xom.
             Succumbed to a gnoll sergeant's poison
             ... on level 6 of the Dungeon.
             The game lasted 00:12:19 (5856 turns).

CryoSword the Basher (Vine Stalker Chaos Knight)    Turns: 5856, Time: 00:12:20

Health: -2/32      AC:  8    Str: 14 (17) XL:     9   Next: 61%
Magic:  10/16      EV: 11    Int: 11 (14) God:    Xom [...*..]
Gold:   324        SH:  4    Dex: 12      Spells: 16/16 levels left

rFire   . . .      SeeInvis +   C - +0 mace (chaos)
rCold   . . .      Faith    .   f - +0 buckler
rNeg    . . .      Spirit   +   b - +2 leather armour
rPois   .          Reflect  .   r - +0 helmet
rElec   +          Harm     .   s - +0 cloak
rCorr   .          Rampage  .   m - +0 pair of gloves
Will    +....                   (no boots)
Stlth   ++........              (no amulet)
HPRegen 0.90/turn               y - ring of see invisible
MPRegen 0.15/turn               (no ring)

@: lethally poisoned (-2 -> -18)
A: fangs 3, regeneration 1, magic shield, antimagic bite, no potion heal 2,
clever 1, clumsy 1, deterioration 1, frail 3, electricity resistance, weak 1,
wild magic 2
a: Renounce Religion


You were on level 6 of the Dungeon.
You worshipped Xom.
You were a favourite toy of Xom.
You visited 1 branch of the dungeon, and saw 7 of its levels.

You collected 324 gold pieces.

Inventory:

Hand Weapons
 j - a +0 vorpal flail
   (You took it off a gnoll on level 5 of the Dungeon)
 C - a +0 mace of chaos (weapon)
Missiles
 n - 8 poisoned darts (quivered)
Armour
 b - a +2 leather armour (worn)
 f - a +0 buckler (worn)
   (You found it on level 4 of the Dungeon)
 m - a +0 pair of gloves (worn)
   (You found it on level 2 of the Dungeon)
 r - a +0 helmet (worn)
   (You found it on level 3 of the Dungeon)
 s - a +0 cloak (worn)
   (You found it on level 4 of the Dungeon)
 x - a +0 tower shield
   (You found it on level 6 of the Dungeon)
Jewellery
 y - a ring of see invisible (left hand)
   (You found it on level 6 of the Dungeon)
Wands
 c - a wand of iceblast (8)
   (You took it off Ijyb on level 4 of the Dungeon)
 i - a wand of paralysis (5)
   (You found it on level 5 of the Dungeon)
Scrolls
 a - a scroll of summoning
 d - a scroll of blinking {unknown}
 e - 2 scrolls of magic mapping {unknown}
 g - a scroll of amnesia {unknown}
 h - 5 scrolls of identify {unknown}
 l - a scroll of torment {unknown}
 o - a scroll of brand weapon {unknown}
 p - a scroll of holy word {unknown}
 q - a scroll of teleportation {unknown}
 t - 2 scrolls of enchant weapon
 u - 5 scrolls of vulnerability {unknown}
 v - a scroll of enchant armour {unknown}
 B - a scroll of noise {unknown}
Potions
 w - a potion of flight {unknown}
 z - a potion of cancellation
 A - a potion of magic


   Skills:
 + Level 4.8 Fighting
 * Level 9.6 Maces & Flails
 + Level 1.6 Armour
 + Level 2.4 Dodging
 + Level 3.0 Stealth
 * Level 2.0 Shields
 + Level 4.2 Spellcasting


You had 16 spell levels left.
You didn't know any spells.
Your spell library contained the following spells:

 Spells                   Type           Power      Damage    Failure   Level
 Freeze                   Ice            12%        1d4       54%         1
 Sting                    Tmut/Pois      12%        1d3       54%         1
 Corpse Rot               Necr/Air       6%         N/A       69%         2
 Poisonous Vapours        Pois/Air       6%         N/A       69%         2
 Frozen Ramparts          Ice            6%         1d2       87%         3
 Animate Dead             Necr           1%         N/A       99%         4
 Dispel Undead            Necr           3%         3d7       99%         4
 Hailstorm                Conj/Ice       3%         3d3       99%         4
 Olgreb's Toxic Radiance  Pois           3%         N/A       99%         4
 Death Channel            Necr           1%         N/A       100%        6
 Haunt                    Necr/Summ      1%         N/A       100%        7
 Infestation              Necr           1%         N/A       100%        8


Dungeon Overview and Level Annotations

Branches:
Dungeon (7/15)             Temple (0/1) D:6

Altars:
Okawaru
Ru


Innate Abilities, Weirdness & Mutations

You have razor-sharp teeth.
Your natural rate of healing is unusually fast.
When hurt, damage is shared between your health and your magic reserves.
Your bite disrupts and absorbs the magic of your enemies.
Potions cannot restore your health.
Your mind is acute. (Int +2)
You are clumsy. (Dex -2)
Your body sometimes deteriorates upon taking damage.
You are extremely frail. (-30% HP)
You are resistant to electric shocks. (rElec)
You are weak. (Str -2)
Your spells are harder to cast, but more powerful.


Message History

The gnoll sergeant hits you from afar with a +3 trident of venom!
* * * LOW HITPOINT WARNING * * *
You climb upwards.
Your summoned ally is left behind.
* * * LOW HITPOINT WARNING * * *
Your body deteriorates!
You feel dopey.
You feel very sick.
There is a stone staircase leading down here.
Your system rejects the healing.
You feel better. The gnoll barely misses you. The gnoll closely misses you.
The gnoll completely misses you.
You hit the gnoll but do no damage.
The gnoll is poisoned.
You hit the gnoll but do no damage. You block the gnoll's attack.
You sock the gnoll!
You kill the gnoll!
Things that are here:
a +0 whip; a gnoll corpse
There is a stone staircase leading down here.
You start resting.
You start resting.
You climb downwards.
The gnoll sergeant hits you but does no damage.
You are poisoned.
There is a stone staircase leading up, spattered with blood here.
You feel very sick.
You feel sick.
You feel sick.
You see here a bullfrog skeleton.
You feel sick.
You feel sick.
There is a stone staircase leading down here.
You feel sick.
You feel sick.
You feel sick.
You are no longer poisoned.
You hit the gnoll. You block the gnoll's attack.
You hit the gnoll. You freeze the gnoll. Your bite misses the gnoll.
The gnoll hits you with a +0 club.
You hit the gnoll.
You kill the gnoll!
The gnoll sergeant barely misses you.
Here: a gnoll sergeant, wielding a +3 trident of venom, wearing a +0 ring mail and wearing a +0 kite shield
Items here: a +0 club; a gnoll corpse.
The floor, spattered with blood.
You see here a +0 falchion.
You block the gnoll sergeant's attack.
You hit the gnoll but do no damage.
The gnoll is poisoned.
The gnoll hits you with a +0 whip! You block the gnoll sergeant's attack.
The gnoll barely misses you. The gnoll sergeant misses you.
You hit the gnoll sergeant but do no damage.
You bite the gnoll sergeant, but do no damage.
Xom alters the dungeon around you.
You are now a favourite toy of Xom.
The gnoll barely misses you. The gnoll closely misses you.
The gnoll sergeant closely misses you.
Unknown command.
Unknown command.
You barely miss the gnoll sergeant. Your bite misses the gnoll sergeant.
The gnoll hits you with a +0 whip.
The gnoll hits you from afar with a +0 halberd.
The gnoll sergeant hits you with a +3 trident of venom.
You thump the gnoll!
The gnoll evaporates and reforms as a river rat!
Your bite misses the river rat. The gnoll hits you but does no damage.
The gnoll sergeant hits you but does no damage.
You are poisoned.
You closely miss the river rat.
You feel sick.
The river rat bites you but does no damage.
The gnoll closely misses you. The gnoll sergeant barely misses you.
You closely miss the river rat.
You feel sick.
The river rat bites you but does no damage.
The gnoll hits you but does no damage. The gnoll sergeant closely misses you.
You barely miss the river rat.
You feel sick. The river rat barely misses you. You block the gnoll's attack.
The gnoll sergeant hits you with a +3 trident of venom!
* * * LOW HITPOINT WARNING * * *
You are more poisoned.
You hit the river rat but do no damage. Your bite misses the river rat.
You feel very sick.
The river rat bites you but does no damage.
The gnoll closely misses you. You block the gnoll sergeant's attack.
You closely miss the river rat.
You bite the river rat, but do no damage.
You feel sick. The river rat closely misses you.
The gnoll completely misses you. You block the gnoll sergeant's attack.
You sock the river rat! You freeze the river rat.
You kill the river rat!
The gnoll returns to its original shape as it dies.
You feel sick. The gnoll misses you. The gnoll sergeant barely misses you.
You swap places.
You feel sick.
The gnoll sergeant hits you from afar with a +3 trident of venom!
* * * LOW HITPOINT WARNING * * *
Your body deteriorates!
You feel dopey.
Things that are here:
a +0 whip; a gnoll corpse
Okay, then.
* * * LOW HITPOINT WARNING * * *
You feel sick.
You swap places.
You feel sick.
You feel sick.
You feel sick.
You feel sick. Something hits your butterfly.
Your butterfly dies!
Your butterfly disappears in a puff of smoke!
You feel sick.
You are no longer poisoned.
The gnoll sergeant hits your butterfly with a +3 trident of venom!
Your butterfly dies!
Your butterfly disappears in a puff of smoke!
You see here a scorpion corpse.
There is a stone staircase leading up, spattered with blood here.
You climb upwards.
There is a stone staircase leading down here.
You start resting.
You start resting.
You climb downwards.
There is a stone staircase leading up, spattered with blood here.
The gnoll sergeant hits you with a +3 trident of venom!
You are poisoned.
You see here a scorpion corpse.
You hit the gnoll sergeant.
The gnoll sergeant flickers and vanishes for a moment.
You bite the gnoll sergeant. You drain its power.
You feel invigorated.
Your body deteriorates!
You feel weakened.
You feel very sick.
The gnoll sergeant hits you with a +3 trident of venom!
You are more poisoned.
Unknown command.
The gnoll sergeant blocks your attack.
Your bite misses the gnoll sergeant.
You feel very sick.
The gnoll sergeant hits you with a +3 trident of venom.
* * * LOW HITPOINT WARNING * * *
You are lethally poisoned!
The gnoll barely misses you.
Unknown command.
* * * LOW HITPOINT WARNING * * *
You feel very sick.
The gnoll sergeant hits you but does no damage.
You are more poisoned.
There is a stone staircase leading up, spattered with blood here.
Unknown command.
Unknown command.
* * * LOW HITPOINT WARNING * * *
You feel extremely sick.
The gnoll sergeant hits you but does no damage.
You climb upwards.
You die...
Xom chuckles heartily!

##.##≈≈≈≈# #≈.....#
########...≈## ##≈.....#
...........≈≈## ##≈≈.....#
........#..<≈≈## ##≈≈......#
........###..≈≈#######≈≈.....###
........# #...≈≈≈≈≈≈≈≈≈#.....####
........###.#.#.#...###..........
..........#.#.#....## #.###......
........#.).....@...###.# #......
........##.#.###.##..##.# #......
#########..#.# #.######## #......
.....####.##.###.# #......
####...........).# #......
###....#.###### #...... #....#.#
#...... #......# ####### #....###


There were no monsters in sight!

Vanquished Creatures
  Sigmund (D:4)
  A wraith (D:6)
  Eustachio (D:4)
  A yak (D:6)
  A steam dragon (D:6)
  4 black bears
  An ice beast (D:6)
  A sky beast (D:6)
  A necrophage (D:5)
  An ogre (D:4)
  A centaur (D:5)
  A phantom (D:4)
  2 bullfrogs
  2 scorpions
  A centaur zombie (D:7)
  2 bullfrog zombies
  A jelly (D:4)
  3 hounds
  An orc priest (D:2)
  A gnoll shaman (D:5)
  A bullfrog skeleton (D:6)
  A centaur skeleton (D:7)
  Jessica (D:3)
  Ijyb (D:4)
  3 iguanas
  2 orc wizards
  14 gnolls
  8 adders
  A river rat (D:7)
  An ufetubus (D:6)
  A worm (D:2)
  2 dart slugs
  14 orcs
  4 endoplasms
  5 giant cockroaches
  11 goblins
  9 hobgoblins
  3 quokkas
  9 ball pythons
  2 bats (D:1)
  4 kobolds
  4 rats
129 creatures vanquished.

Vanquished Creatures (others)
  A phantom (D:4)
  3 plants (D:7)
4 creatures vanquished.

Grand Total: 133 creatures vanquished

Notes
Turn   | Place    | Note
-------+----------+-------------------------------------------
     0 | D:1      | CryoSword the Vine Stalker Chaos Knight began the quest for
                  | the Orb.
     0 | D:1      | Reached XP level 1. HP: 11/11 MP: 2/2
    48 | D:1      | Reached skill level 3 in Maces & Flails
   111 | D:1      | XOM: silly message
   114 | D:1      | Reached XP level 2. HP: 16/16 MP: 1/3
   160 | D:1      | Found a faded altar of an unknown god.
   553 | D:1      | XOM: silly message
   584 | D:2      | Reached XP level 3. HP: 19/19 MP: 4/4
   670 | D:2      | Reached skill level 4 in Maces & Flails
   674 | D:2      | Gained mutation: Your natural rate of healing is unusually
                  | fast. [Vine Stalker growth]
   674 | D:2      | Reached XP level 4. HP: 20/23 MP: 3/5
   933 | D:2      | Identified the +1 leather armour of Uvarifap {+Blink}
  1005 | D:2      | XOM: summons 2 hostile shadow creatures
  1333 | D:2      | XOM: give mutations
  1333 | D:2      | Gained mutation: You expend magic power (3 MP) to
                  | strengthen your wands. [Xom's mischief]
  1333 | D:2      | Gained mutation: You are clumsy. (Dex -2) [Xom's mischief]
  1333 | D:2      | Gained mutation: You sometimes lose the ability to read
                  | scrolls when taking damage. [Xom's mischief]
  1346 | D:3      | Reached skill level 1 in Dodging
  1346 | D:3      | Reached XP level 5. HP: 25/27 MP: 6/6
  1399 | D:3      | XOM: divination: magic mapping
  1412 | D:2      | Reached skill level 1 in Stealth
  1612 | D:3      | Noticed Jessica
  1616 | D:3      | Killed Jessica
  1617 | D:3      | Reached skill level 1 in Spellcasting
  1644 | D:3      | XOM: divination: magic mapping
  1768 | D:3      | XOM is BORED!
  1768 | D:3      | XOM: noise
  1798 | D:3      | XOM: give mutations
  1798 | D:3      | Lost mutation: You are clumsy. (Dex -2) [Xom's mischief]
  1798 | D:3      | Lost mutation: You expend magic power (3 MP) to strengthen
                  | your wands. [Xom's mischief]
  1798 | D:3      | Gained mutation: Your spells are a little harder to cast,
                  | but a little more powerful. [Xom's mischief]
  1798 | D:3      | Gained mutation: You are frail. (-10% HP) [Xom's mischief]
  1807 | D:3      | Reached skill level 5 in Maces & Flails
  1807 | D:3      | Reached XP level 6. HP: 25/28 MP: 4/9
  1963 | D:3      | XOM: give mutations
  1963 | D:3      | Gained mutation: You are very frail. (-20% HP) [Xom's
                  | mischief]
  1963 | D:3      | Gained mutation: You are extremely frail. (-30% HP) [Xom's
                  | mischief]
  2091 | D:4      | Noticed Sigmund
  2098 | D:4      | XOM: summons friendly crimson imp
  2101 | D:4      | Killed Sigmund
  2115 | D:4      | Noticed Ijyb
  2130 | D:4      | Killed Ijyb
  2153 | D:4      | XOM: butterfly on damage
  2199 | D:4      | Reached XP level 7. HP: 25/25 MP: 11/11
  2254 | D:4      | XOM: smoke on damage
  2261 | D:4      | XOM: noise
  2429 | D:4      | XOM: divine lightning
  2485 | D:4      | Noticed Eustachio
  2504 | D:4      | XOM: enchant monster (bad)
  2513 | D:4      | Killed Eustachio
  2530 | D:4      | XOM: give mutation
  2530 | D:4      | Lost mutation: You sometimes lose the ability to read
                  | scrolls when taking damage. [Xom's mischief]
  2588 | D:4      | XOM: 1-stop teleportation journey
  2674 | D:4      | XOM: give mutation
  2674 | D:4      | Gained mutation: You are weak. (Str -2) [Xom's mischief]
  2706 | D:4      | XOM: god gift: 15 gold pieces
  2943 | D:4      | Reached skill level 6 in Maces & Flails
  2943 | D:4      | Gained mutation: You have razor-sharp teeth. [Vine Stalker
                  | growth]
  2943 | D:4      | Reached XP level 8. HP: 29/29 MP: 14/14
  2954 | D:4      | Found a sacrificial altar of Ru.
  3087 | D:5      | Entered Level 5 of the Dungeon
  3335 | D:5      | XOM: confuse monster(s)
  3342 | D:5      | Reached skill level 1 in Shields
  3609 | D:5      | XOM: smoke on damage
  3634 | D:5      | XOM: summons friendly iron imp
  3652 | D:5      | XOM: confusion
  4130 | D:5      | XOM: stat loss: -1 Dex (12/14)
  4460 | D:6      | Found a staircase to the Ecumenical Temple.
  4484 | D:6      | XOM: polymorph hound -> steam dragon
  4486 | D:6      | XOM: cleaving
  4487 | D:6      | XOM: smoke on damage
  4492 | D:6      | Reached skill level 7 in Maces & Flails
  4512 | D:6      | XOM: give mutations
  4512 | D:6      | Gained mutation: You sometimes lose the ability to read
                  | scrolls when taking damage. [Xom's mischief]
  4512 | D:6      | Gained mutation: You are clumsy. (Dex -2) [Xom's mischief]
  4512 | D:6      | Gained mutation: Your spells are harder to cast, but more
                  | powerful. [Xom's mischief]
  4586 | D:6      | Reached XP level 9. HP: 32/32 MP: 16/16
  4625 | D:6      | Found an iron altar of Okawaru.
  4632 | D:6      | XOM: noise
  4661 | D:6      | XOM: divination: detect creatures
  4676 | D:6      | XOM: chaos cloud
  4677 | D:6      | Paralysed by you for 4 turns
  4698 | D:6      | Reached skill level 8 in Maces & Flails
  5153 | D:6      | Reached skill level 9 in Maces & Flails
  5267 | D:5      | XOM: give mutations
  5267 | D:5      | Gained mutation: You are resistant to electric shocks.
                  | (rElec) [Xom's mischief]
  5267 | D:5      | Gained mutation: You are very clumsy. (Dex -4) [Xom's
                  | mischief]
  5267 | D:5      | Gained mutation: Your body sometimes deteriorates upon
                  | taking damage. [Xom's mischief]
  5313 | D:7      | XOM: confusion
  5561 | D:1      | XOM: give mutations
  5561 | D:1      | Lost mutation: You sometimes lose the ability to read
                  | scrolls when taking damage. [Xom's mischief]
  5561 | D:1      | Lost mutation: You are very clumsy. (Dex -4) [Xom's
                  | mischief]
  5561 | D:1      | Gained mutation: Your mind is acute. (Int +2) [Xom's
                  | mischief]
  5648 | D:7      | XOM: confusion
  5659 | D:7      | XOM: butterfly on damage
  5661 | D:6      | HP: 1/32 [poisoned by a gnoll sergeant]
  5764 | D:7      | XOM: scenery: summon butterflies
  5779 | D:7      | HP: 1/32 [poisoned by a gnoll sergeant]
  5856 | D:6      | Succumbed to a gnoll sergeant's poison

Illustrated notes

Levels and vault maps discovered:
D:1:      noname_arrival_rooms_in_the_neighbourhood, layout_rooms,
          basic_ecumenical_altar
D:2:      layout_loops_ring, guppyfry_early_orc_mine
D:3:      layout_loops_ring, st_stairs_11, uniq_jessica
D:4:      layout_basic, mainiacjoe_overflow_alcove_1, uniq_ijyb, uniq_sigmund,
          uniq_eustachio
D:5:      layout_layer_cave
D:6:      minmay_chambers_of_fours, layout_rooms, okawaru_ov_weapons_minmay,
          temple_fountains, water_maze_lemuel
D:7:      layout_basic, mainiacjoe_overflow_alcove_2, serial_bayou_crossing

Skill      XL: |  1  2  3  4  5  6  7  8  9 |
---------------+----------------------------+-----
Maces & Flails | 3 4 5 6 7 9 |  9.6
Dodging        | 1 2 |  2.4
Stealth        | 2 3 |  3.0
Spellcasting   | 1 2 3 4 |  4.2
Fighting       | 3 4 |  4.8
Shields        | 1 2 |  2.0
Armour         | |  1.6

Action                   |  1- 3 |  4- 6 |  7- 9 || total
-------------------------+-------+-------+-------++-------
Melee: Mace              |    37 |       |    23 ||    60
       Bite              |    13 |    41 |    91 ||   145
       Dagger            |    16 |   150 |   129 ||   295
       Punch             |     1 |     4 |     3 ||     8
       Flail             |       |       |   133 ||   133
Throw: Dart              |       |     4 |       ||     4
  Use: Potion            |       |     4 |     4 ||     8
       Scroll            |       |       |     3 ||     3
 Stab: Sleeping          |       |     1 |     3 ||     4
Armor: Leather armour    |    21 |    40 |   130 ||   191
Dodge: Dodged            |    32 |    76 |   217 ||   325
Block: Buckler           |       |       |    57 ||    57
       Tower shield      |       |       |     6 ||     6
